 Dungeon Crawl Stone Soup version 0.25.1-2-g60ff931df9 (webtiles) character file.

Game seed: 18411636039803461404

182 Britanger the Magician (level 5, -1/28 HPs)
             Began as a Deep Elf Wizard on Oct 19, 2020.
             Was an Initiate of Qazlal.
             Slain by a worker ant (7 damage)
             ... on level 4 of the Dungeon.
             The game lasted 00:17:25 (3210 turns).

Britanger the Magician (Deep Elf Wizard)            Turns: 3210, Time: 00:17:25

Health: -1/28      AC:  3    Str:  4    XL:     5   Next: 34%
Magic:  18/24      EV: 14    Int: 23    God:    Qazlal [......]
Gold:   186        SH:  0    Dex: 14    Spells: 7/16 levels left

rFire    . . .     SeeInvis +   m - +1 dagger (venom)
rCold    . . .     Gourm    .   (no shield)
rNeg     . . .     Faith    .   a - +0 robe
rPois    .         Spirit   .   b - +0 hat
rElec    .         Reflect  .   k - +0 cloak (curse)
rCorr    .         Harm     .   (no gloves)
MR       .....                  (no boots)
Stlth    ++........             c - amulet of inaccuracy (curse)
HPRegen  0.09/turn              g - ring of see invisible
MPRegen  0.19/turn              t - ring of magical power

@: lethally poisoned (-1 -> -5)
A: no striking features
a: Renounce Religion


You were on level 4 of the Dungeon.
You worshipped Qazlal.
Qazlal was noncommittal.
You were not hungry.

You visited 2 branches of the dungeon, and saw 5 of its levels.

You collected 186 gold pieces.

Inventory:

Hand Weapons
 h - a +0 hunting sling
 m - a +1 dagger of venom (weapon)
Armour
 a - a +0 robe (worn)
 b - a +0 hat (worn)
 k - a cursed +0 cloak (worn)
Jewellery
 c - a cursed amulet of inaccuracy (around neck)
 g - a ring of see invisible (left hand)
 t - a ring of magical power (right hand)
Scrolls
 l - a scroll of teleportation
Potions
 e - 2 potions of curing {unknown}
 f - a potion of resistance {unknown}
 i - 2 potions of might {unknown}
 j - 2 potions of stabbing
 n - a potion of haste {unknown}
 o - a potion of heal wounds {unknown}
 p - a potion of brilliance {unknown}
 r - a potion of magic {unknown}
Comestibles
 d - 17 rations


   Skills:
 + Level 3.8 Dodging
 - Level 2.4 Stealth
 + Level 6.0 Spellcasting
 * Level 3.9 Conjurations
   Level 1.1 Summonings
 - Level 1.1 Translocations


You had 7 spell levels left.
You knew the following spells:

 Your Spells              Type           Power        Failure   Level  Hunger
a - Magic Dart            Conj           ####         1%          1    None
b - Blink                 Tloc           N/A          9%          2    None
c - Conjure Flame         Conj/Fire      ###.....     12%         3    #......
d - Mephitic Cloud        Conj/Pois/Air  ##......     16%         3    #......

Your spell library contained the following spells:

 Spells                   Type           Power        Failure   Level  Hunger
 Call Imp                 Summ           ##......     9%          2    None
 Slow                     Hex            #.......     13%         2    None


Dungeon Overview and Level Annotations

Branches:
Dungeon (4/15)             Temple (1/1) D:4

Altars:
Ashenzari
Cheibriados
Dithmenos
Elyvilon
Fedhas
Kikubaaqudgha
Makhleb
Nemelex Xobeh
Okawaru
Qazlal
Ru
Sif Muna
Wu Jian
Xom
Zin
The Shining One


Message History

The worker ant bites you.
Casting: Magic Dart (safe; 1% risk of failure)
Confirm with . or Enter, or press ? or * to list all spells.
Aiming: Magic Dart (safe; 1% risk of failure)
Press: ? - help, Shift-Dir - straight line, f/p - worker ant
Aim: a worker ant (heavily wounded)
The magic dart hits the worker ant.
The worker ant is severely wounded.
You feel sick. The worker ant bites you.
Casting: Magic Dart (safe; 1% risk of failure)
Confirm with . or Enter, or press ? or * to list all spells.
Aiming: Magic Dart (safe; 1% risk of failure)
Press: ? - help, Shift-Dir - straight line, f/p - worker ant
Aim: a worker ant (severely wounded)
The magic dart hits the worker ant but does no damage.
The worker ant is severely wounded.
The worker ant bites you.
* * * LOW HITPOINT WARNING * * *
The worker ant bites you!
You die...

###.... ... #...... ##..
.......##... ...../...
....... #. #. #....### .
..##. #..a...#... .....#
#.#@......# #
.....###......... #.
#...#...#..#..# ...
#.....#.......
#..#####.>.#####..(.
#....#.....#...........#.
##..#...#...#..........#.
#......###.........(...#.###
#.....#.#.#...##..........#.


You could see a worker ant.

Vanquished Creatures
  A big kobold (D:3)
  A worker ant (D:4)
  2 adders
  An ooze (D:1)
  A dart slug (D:1)
  A leopard gecko (D:4)
  An orc (D:3)
  8 bats
  2 giant cockroaches
  10 goblins
  5 hobgoblins
  3 jackals (D:1)
  14 kobolds
  A quokka (D:2)
  3 frilled lizards (D:1)
  9 rats
63 creatures vanquished.

Notes
Turn   | Place    | Note
-------+----------+-------------------------------------------
     0 | D:1      | Britanger the Deep Elf Wizard began the quest for the Orb.
     0 | D:1      | Reached XP level 1. HP: 10/10 MP: 7/7
   119 | D:1      | Reached skill level 5 in Spellcasting
   126 | D:1      | Reached XP level 2. HP: 15/15 MP: 3/10
   823 | D:1      | Reached XP level 3. HP: 19/19 MP: 7/11
  1081 | D:2      | Learned a level 2 spell: Blink
  1085 | D:2      | Learned a level 3 spell: Conjure Flame
  1089 | D:2      | Learned a level 3 spell: Mephitic Cloud
  1536 | D:2      | Found a faded altar of an unknown god.
  1816 | D:3      | Noticed a big kobold
  1866 | D:3      | Killed a big kobold
  1866 | D:3      | Reached XP level 4. HP: 17/24 MP: 2/13
  2046 | D:3      | Reached XP level 5. HP: 26/28 MP: 15/15
  2958 | D:4      | Found a staircase to the Ecumenical Temple.
  2970 | D:4      | Reached skill level 6 in Spellcasting
  2980 | Temple   | Entered the Ecumenical Temple
  3095 | Temple   | Became a worshipper of Qazlal Stormbringer
  3210 | D:4      | Slain by a worker ant

Illustrated notes

Levels and vault maps discovered:
D:1:      scummos_arrival_simple_fountains, layout_loops_cross
D:2:      layout_rooms, chequers_ecumenical_altar_simple_redux
D:3:      cheibrodos_thug_alley, layout_loops_ring, first_ration
D:4:      layout_cave_pools, overflow_temple_1_default,
          minmay_temple_entry_arrows, corexii_shack, hex_tiny
Temple:   eino_temple_scatter_basement

Skill      XL: |  1  2  3  4  5 |
---------------+----------------+-----
Spellcasting   | 5 6 |  6.0
Conjurations   | 2 3 |  3.9
Dodging        | 3 |  3.8
Stealth        | |  2.4
Summonings     | |  1.1
Translocations | |  1.1

Action                   |  1- 3 |  4- 6 || total
-------------------------+-------+-------++-------
Melee: Dagger            |     3 |       ||     3
 Cast: Magic Dart        |   120 |    43 ||   163
  Use: Scroll            |       |     7 ||     7
  Eat: Chunk             |     2 |     5 ||     7
Armor: Robe              |     4 |     3 ||     7
Dodge: Dodged            |    27 |     6 ||    33
